 Dungeon Crawl Stone Soup version 0.19.1 (webtiles) character file.

10460 KingBobo974 the Blocker (level 11, -4/75 HPs)
             Began as a Gargoyle Fighter on Dec 13, 2016.
             Was an Elder of the Shining One.
             Slain by an ettin
             ... wielding a +0 dire flail
              (18 damage)
             ... on level 11 of the Dungeon.
             The game lasted 00:33:41 (9356 turns).

KingBobo974 the Blocker (Gargoyle Fighter)          Turns: 9356, Time: 00:33:42

Health: -4/75      AC: 23    Str: 24    XL:     11   Next: 62%
Magic:  8/11       EV: 10    Int:  8    God:    the Shining One [****..]
Gold:   230        SH:  6    Dex:  9    Spells: 0 memorised, 10 levels left

rFire  + . .     SeeInvis .     V - +3 dire flail
rCold  . . .     Gourm    .     x - +1 scale mail {rF+}
rNeg   + + +     Faith    .     (shield currently unavailable)
rPois  ∞         Spirit   .     (no helmet)
rElec  +         Reflect  .     S - +0 cloak
rCorr  .         Harm     .     P - +2 pair of gloves
MR     .....                    l - +0 pair of boots
Stlth  ..........               k - amulet of rage
                                J - +1 ring of slaying
                                K - ring of flight

@: divine shield, glowing
A: negative energy resistance 1, robust 1, electricity resistance, unbreathing,
petrification resistance, rot immunity, AC +7
a: Divine Shield, Cleansing Flame, Renounce Religion, Evoke Berserk Rage, Evoke
Flight


You were on level 11 of the Dungeon.
You worshipped the Shining One.
The Shining One was greatly pleased with you.
You were not hungry.

You visited 2 branches of the dungeon, and saw 12 of its levels.

You collected 535 gold pieces.
You spent 305 gold pieces at shops.

Inventory:

Hand Weapons
 a - a +0 flail
 w - a +1 flail of protection
 E - a +5 mace
 N - a +2 great mace of protection
 V - a +3 dire flail (weapon)
 Y - a +4 mace
Armour
 b - a +0 scale mail
 c - a +1 shield
 l - a +0 pair of boots (worn)
 x - a +1 scale mail of fire resistance (worn)
 P - a +2 pair of gloves (worn)
 S - a +0 cloak (worn)
Jewellery
 k - an amulet of rage (around neck)
 J - a +1 ring of slaying (right hand)
 K - a ring of flight (left hand)
Wands
 D - a wand of lightning (5/15)
 M - a wand of slowing (23/48)
 X - a wand of iceblast (5/15)
Scrolls
 y - 4 scrolls of remove curse
 F - 2 scrolls of teleportation
 I - 3 scrolls of amnesia
 R - 2 scrolls of fog
Potions
 e - 2 potions of haste
 i - 7 potions of flight
 n - a potion of resistance
 p - 4 potions of curing
 q - 4 potions of lignification
 r - 2 potions of agility
 u - 2 potions of berserk rage
 v - 3 potions of cure mutation {unknown}
 H - a potion of cancellation {unknown}
 O - a potion of might
Comestibles
 f - a bread ration
 g - 2 meat rations
 j - 8 beef jerkies
 B - a slice of pizza
 C - 13 fruits
 G - 9 royal jellies


   Skills:
 + Level 8.5 Fighting
 * Level 9.6 Maces & Flails
 * Level 10.9 Armour
 * Level 11.1 Shields


You had 10 spell levels left.
You didn't know any spells.

Dungeon Overview and Level Annotations

Branches:
Dungeon (11/15)            Temple (1/1) D:4
   Lair: D:8-11         Orc: D:9-12

Altars:
Ashenzari
Cheibriados
Dithmenos
Elyvilon
Fedhas
Gozag
Hepliaklqana
Kikubaaqudgha
Makhleb
Nemelex Xobeh
Okawaru
Qazlal
Ru
Sif Muna
Trog
Uskayaw
Vehumet
Xom
Yredelemnul
Zin
The Shining One

Shops:
D:4 =   D:5 (   D:7 =

Annotations:
D:2 1 runed door


Innate Abilities, Weirdness & Mutations

You are resistant to torment.
Your stone body is resilient. (AC +7)
You are immune to poison.
You resist negative energy. (rN+)
You are resistant to electric shocks. (rElec)
You can survive without breathing.
You are immune to petrification.
You are immune to rotting.
You are robust. (+10% HP)


Message History

The ettin is heavily wounded.
You hit the ettin.
The ettin is heavily wounded.
The ettin hits you with a dire flail! The ettin hits you with a dire flail!!
* * * LOW HITPOINT WARNING * * *
You are too injured to fight recklessly!
You are too injured to fight recklessly!
You are too injured to fight recklessly!
A divine shield forms around you!
You feel slightly more hungry. The ettin hits you with a dire flail.
* * * LOW HITPOINT WARNING * * *
The ettin completely misses you.
You feel better. The ettin hits you but does no damage.
You block the ettin's attack.
A deep troll earth mage comes into view.
You are too injured to fight recklessly!
You fail to use your ability.
The deep troll earth mage shouts!
You hear a shout!
The ettin hits you with a dire flail!!
You die...

#.#......##..
#.#......##..
#.'.......#..
##.#..........
##..#..........
#.#####...#.####...P.
#........##...##.#†)P
#####'#####....#..P.P
#.TC@.....#....#.†P†.
#C#######.#....#....†
#....+...††
#....#...#.
+....#.††#. #..<#.
#..##. #.####..#..
#..........


You could see a stone giant, an ettin and a deep troll earth mage.

Vanquished Creatures
  Erica (D:10)
  2 hill giants (D:10)
  An ugly thing (D:11)
  The ghost of Uhlv the Chopper, an amateur DDAr (D:4)
  A troll (D:10)
  3 hornets
  A two-headed ogre (D:10)
  A hippogriff (D:8)
  Sigmund (D:6)
  A wyvern (D:7)
  3 yaks (D:11)
  Eustachio (D:5)
  Grum (D:11)
  3 hungry ghosts
  Menkaure (D:5)
  A soldier ant (D:8)
  Edmund (D:4)
  2 orc warriors (D:10)
  A sky beast (D:9)
  A black bear (D:8)
  A hornet zombie (D:10)
  2 ice beasts
  2 phantoms
  5 ogres
  The ghost of KingBobo974 the Poker, an amateur MfBe of Trog (D:3)
  2 wolves (D:11)
  A crocodile (D:7)
  4 centaurs
  Blork the orc (D:6)
  5 big kobolds
  8 bullfrogs
  A gnoll sergeant (D:10)
  2 scorpions
  A wyvern skeleton (D:7)
  3 killer bees (D:7)
  10 wights
  2 howler monkeys
  A crimson imp (D:7)
  3 jellies
  A quasit (D:5)
  A bullfrog zombie (D:6)
  4 hounds
  2 centaur skeletons
  8 orc priests
  4 bullfrog skeletons
  A gnoll shaman (D:4)
  9 orc wizards
  3 iguanas
  Terence (D:2)
  15 worker ants
  A killer bee zombie (D:6)
  A hound zombie (D:9)
  A howler monkey zombie (D:11)
  7 gnolls
  6 river rats (D:11)
  12 adders
  2 shadow imps (D:6)
  An ooze (D:1)
  An adder zombie (D:6)
  5 worms
  3 dart slugs
  6 leopard geckos
  36 orcs
  4 giant cockroaches
  4 goblins
  3 hobgoblins
  7 jackals
  4 quokkas
  A ball python (D:4)
  7 bats
  8 frilled lizards
  22 kobolds
  A leopard gecko skeleton (D:6)
  A quokka skeleton (D:6)
  10 rats
286 creatures vanquished.

Vanquished Creatures (others)
  4 fungi (D:11)
4 creatures vanquished.

Grand Total: 290 creatures vanquished

Notes
Turn   | Place    | Note
-------+----------+-------------------------------------------
     0 | D:1      | KingBobo974 the Gargoyle Fighter began the quest for the Orb.
     0 | D:1      | Reached XP level 1. HP: 14/14 MP: 1/1
   156 | D:1      | Reached XP level 2. HP: 19/19 MP: 2/2
   612 | D:1      | Found a sparkling altar of Nemelex Xobeh.
   804 | D:2      | Noticed Terence
   829 | D:2      | Killed Terence
   829 | D:2      | Reached skill level 4 in Shields
   829 | D:2      | Reached XP level 3. HP: 10/23 MP: 3/3
  1035 | D:2      | Reached XP level 4. HP: 28/28 MP: 4/4
  1086 | D:2      | Found a runed door.
  1949 | D:3      | Noticed KingBobo974's ghost (amateur MfBe)
  1953 | D:3      | Reached XP level 5. HP: 30/33 MP: 5/5
  1966 | D:3      | Killed KingBobo974's ghost
  2062 | D:3      | Found a sparkling altar of Nemelex Xobeh.
  2443 | D:4      | Reached XP level 6. HP: 36/38 MP: 6/6
  2471 | D:4      | Noticed Edmund
  2504 | D:4      | Reached skill level 5 in Shields
  2521 | D:4      | Killed Edmund
  2715 | D:4      | Found a staircase to the Ecumenical Temple.
  2726 | Temple   | Entered the Ecumenical Temple
  2863 | Temple   | Became a worshipper of the Shining One
  2929 | D:4      | Reached skill level 5 in Armour
  2929 | D:4      | Reached XP level 7. HP: 44/44 MP: 7/7
  3011 | D:4      | Noticed Uhlv's ghost (amateur DDAr)
  3044 | D:4      | Killed Uhlv's ghost
  3044 | D:4      | Reached skill level 6 in Shields
  3329 | D:4      | Found Lottat's Jewellery Shoppe.
  3335 | D:4      | Reached skill level 5 in Fighting
  3443 | D:4      | Reached skill level 5 in Maces & Flails
  3443 | D:4      | Reached XP level 8. HP: 28/49 MP: 8/8
  3771 | D:5      | Entered Level 5 of the Dungeon
  3771 | D:5      | Noticed Eustachio
  3834 | D:5      | Killed Eustachio
  3905 | D:5      | Found Jaeket's Antique Weapon Boutique.
  3931 | D:5      | Noticed Menkaure
  3931 | D:5      | Reached * piety under the Shining One
  3988 | D:5      | Killed Menkaure
  3988 | D:5      | Reached skill level 7 in Shields
  4460 | D:5      | Found a burning altar of Makhleb.
  4591 | D:5      | Reached XP level 9. HP: 47/55 MP: 9/9
  4781 | D:5      | Found a stormy altar of Qazlal.
  4789 | D:5      | Found a radiant altar of Vehumet.
  4838 | D:5      | Found a sacrificial altar of Ru.
  4943 | D:6      | Noticed Blork the orc
  4957 | D:6      | Killed Blork the orc
  5007 | D:6      | Noticed Sigmund
  5017 | D:6      | Killed Sigmund
  5349 | D:6      | Reached skill level 8 in Shields
  5357 | D:6      | Reached ** piety under the Shining One
  6363 | D:7      | Found Jikhits's Jewellery Shop.
  6373 | D:7      | Bought a +1 ring of slaying for 78 gold pieces
  6373 | D:7      | Bought an uncursed ring of flight for 227 gold pieces
  6452 | D:7      | Reached XP level 10. HP: 50/63 MP: 10/10
  6681 | D:7      | Reached skill level 9 in Shields
  7184 | D:8      | Gained mutation: Your magical capacity is low. (-10% MP) [potion of mutation]
  7184 | D:8      | Gained mutation: You are robust. (+10% HP) [potion of mutation]
  7184 | D:8      | Lost mutation: Your magical capacity is low. (-10% MP) [potion of mutation]
  7913 | D:9      | Reached *** piety under the Shining One
  8215 | D:10     | Entered Level 10 of the Dungeon
  8288 | D:10     | Reached skill level 10 in Shields
  8430 | D:10     | Reached skill level 10 in Armour
  8430 | D:10     | Reached XP level 11. HP: 66/74 MP: 11/11
  8447 | D:10     | Noticed a hill giant
  8456 | D:10     | Killed a hill giant
  8683 | D:10     | Noticed Erica
  8714 | D:10     | Killed Erica
  8866 | D:10     | Noticed a hill giant
  8877 | D:10     | Killed a hill giant
  9093 | D:10     | Identified a scroll of acquirement
  9138 | D:11     | Noticed a green ugly thing
  9138 | D:11     | Reached **** piety under the Shining One
  9147 | D:11     | Killed a green ugly thing
  9180 | D:11     | Reached skill level 11 in Shields
  9295 | D:11     | Noticed Grum
  9304 | D:11     | Killed Grum
  9347 | D:11     | Noticed an ettin
  9356 | D:11     | Noticed a deep troll earth mage
  9356 | D:11     | Slain by an ettin

Skill      XL: |  1  2  3  4  5  6  7  8  9 10 11 |
---------------+----------------------------------+-----
Shields        | 4 5 6 7 8 10 11 | 11.1
Maces & Flails | 3 4 5 6 7 8 9 |  9.6
Fighting       | 4 5 6 7 8 |  8.5
Armour         | 4 5 7 8 10 | 10.9

Action                   |  1- 3 |  4- 6 |  7- 9 | 10-12 || total
-------------------------+-------+-------+-------+-------++-------
Melee: Flail             |    62 |   227 |   519 |   320 ||  1128
       Dire flail        |       |       |       |    64 ||    64
       Mace              |       |       |       |    53 ||    53
       Great mace        |       |       |       |    19 ||    19
Invok: Divine Shield     |       |       |       |     1 ||     1
 Abil: Evoke Flight      |       |       |     1 |       ||     1
  Use: Scroll            |       |     9 |     8 |    15 ||    32
       Potion            |       |     2 |     1 |     4 ||     7
  Eat: Meat ration       |       |     2 |       |     3 ||     5
       Bread ration      |       |       |     2 |     1 ||     3
       Beef jerky        |       |       |       |     2 ||     2
Armor: Scale mail        |    63 |   157 |   342 |   222 ||   784
Dodge: Dodged            |    48 |    85 |   185 |   150 ||   468
Block: Shield            |    53 |   172 |   386 |   205 ||   816
       Other             |       |       |       |     1 ||     1
